 Dungeon Crawl Stone Soup version 0.21.1-1-g345015f (webtiles) character file.

63 lotte the Magician (level 3, -3/19 HPs)
             Began as a Deep Elf Wizard on July 1, 2018.
             Slain by Recruiting's ghost (12 damage)
             ... on level 3 of the Dungeon.
             The game lasted 00:11:47 (2742 turns).

lotte the Magician (Deep Elf Wizard)                Turns: 2742, Time: 00:11:48

Health: -3/19      AC:  3    Str:  4    XL:     3   Next: 89%
Magic:  4/12       EV: 13    Int: 23    God:
Gold:   100        SH:  0    Dex: 13    Spells: 8/14 levels left

rFire    . . .     SeeInvis .   p - +1 whip (drain)
rCold    . . .     Gourm    .   (no shield)
rNeg     . . .     Faith    .   a - +0 robe
rPois    .         Spirit   .   b - +0 hat
rElec    .         Reflect  .   (no cloak)
rCorr    .         Harm     .   k - +0 pair of gloves (curse)
MR       .....                  (no boots)
Stlth    +.........             f - amulet of regeneration
HPRegen  0.46/turn              v - ring of loudness (curse)
MPRegen  0.13/turn              (no ring)

@: very slightly contaminated
A: no striking features
a: no special abilities


You were on level 3 of the Dungeon.
You were not hungry.

You visited 1 branch of the dungeon, and saw 3 of its levels.

You collected 100 gold pieces.

Inventory:

Hand Weapons
 e - a +0 club
 p - a +1 whip of draining (weapon)
Armour
 a - a +0 robe (worn)
 b - a +0 hat (worn)
 k - a cursed +0 pair of gloves (worn)
 m - a +0 buckler
Jewellery
 f - an amulet of regeneration (around neck)
 v - a cursed ring of loudness (left hand)
Wands
 w - a wand of iceblast (4)
Scrolls
 h - 2 scrolls of remove curse {unknown}
 n - 6 scrolls of immolation {unknown}
 u - 2 scrolls of identify {unknown}
 x - a scroll of noise {unknown}
Potions
 g - 3 potions of agility {unknown}
 i - 2 potions of might {unknown}
 j - 2 potions of heal wounds {unknown}
 l - a potion of resistance {unknown}
 o - a potion of degeneration {unknown}
 q - 3 potions of curing {unknown}
 s - a potion of mutation {unknown}
 t - 2 potions of berserk rage {unknown}
Books
 c - a book of Minor Magic

   Spells                             Type                      Level
   a - Magic Dart                     Conjuration                  1
   b - Blink                          Translocation                2
   c - Call Imp                       Summoning                    2
   d - Slow                           Hexes                        2
   e - Conjure Flame                  Conjuration/Fire             3
   f - Mephitic Cloud                 Conjuration/Poison/Air       3
Comestibles
 d - 2 rations
 r - 2 chunks of flesh


   Skills:
 - Level 2.4 Dodging
 - Level 2.4 Stealth
 + Level 6.3 Spellcasting
 + Level 1.7 Conjurations
 + Level 1.4 Summonings
   Level 1.1 Translocations


You had 8 spell levels left.
You knew the following spells:

 Your Spells              Type           Power        Failure   Level  Hunger
a - Magic Dart            Conj           ###.         4%          1    None
b - Call Imp              Summ           ##......     7%          2    None
c - Mephitic Cloud        Conj/Pois/Air  #.......     19%         3    #......


Dungeon Overview and Level Annotations

Branches:
Dungeon (3/15)

Altars:
Kikubaaqudgha
Xom

Annotations:
D:3 Recruiting's ghost, amateur MiBe


Message History

Recruiting's ghost hits you.
Your iron imp hits Recruiting's ghost.
The hobgoblin closely misses your iron imp.
Your iron imp hits Recruiting's ghost.
Recruiting's ghost hits your iron imp.
The hobgoblin completely misses your iron imp.
Your iron imp hits Recruiting's ghost.
Your crimson imp hits Recruiting's ghost but does no damage.
The hobgoblin hits your iron imp but does no damage.
Your iron imp barely misses the hobgoblin.
Your crimson imp blinks!
Recruiting's ghost closely misses you.
Your iron imp closely misses Recruiting's ghost.
The hobgoblin hits your iron imp with a club.
Your iron imp hits the hobgoblin!
The hobgoblin dies!
Casting: Call Imp
Confirm with . or Enter, or press ? or * to list all spells.
A beastly little devil appears in a puff of frigid air.
Recruiting's ghost hits you!
Ouch! That really hurt!
You die...

#....รท.....#
#....).....#
###..........#
........)....##
#####........##
#(..5......#
####..........#
#.............#
#....@W.......#
#....55.......#
#............##
...####5......##
.. #)####### .
##.# #..## #.(.#
#.#.#


You could see Recruiting's ghost, 2 friendly iron imps, a friendly crimson imp
and a friendly white imp.

Vanquished Creatures
  A leopard gecko (D:1)
  8 bats
  3 giant cockroaches
  12 goblins
  6 hobgoblins
  2 jackals (D:1)
  4 frilled lizards
  4 kobolds
  7 rats (D:1)
47 creatures vanquished.

Vanquished Creatures (collateral kills)
  An adder (D:2)
  2 worms (D:2)
  A hobgoblin (D:3)
4 creatures vanquished.

Grand Total: 51 creatures vanquished

Notes
Turn   | Place    | Note
-------+----------+-------------------------------------------
     0 | D:1      | lotte the Deep Elf Wizard began the quest for the Orb.
     0 | D:1      | Reached XP level 1. HP: 10/10 MP: 7/7
   126 | D:1      | Reached skill level 5 in Spellcasting
   222 | D:1      | Reached XP level 2. HP: 15/15 MP: 7/10
   315 | D:1      | Learned a level 2 spell: Call Imp
   848 | D:1      | Reached XP level 3. HP: 19/19 MP: 9/12
  1038 | D:1      | Learned a level 3 spell: Mephitic Cloud
  1227 | D:1      | Reached skill level 6 in Spellcasting
  2332 | D:2      | Found a shimmering altar of Xom.
  2332 | D:2      | Found an ancient bone altar of Kikubaaqudgha.
  2723 | D:3      | Noticed Recruiting's ghost (amateur MiBe)
  2742 | D:3      | Slain by Recruiting's ghost

Skill      XL: |  1  2  3 |
---------------+----------+-----
Spellcasting   | 5 6 |  6.3
Dodging        | |  2.4
Stealth        | |  2.4
Conjurations   | |  1.7
Summonings     | |  1.4
Translocations | |  1.1

Action                   || total
-------------------------++-------
 Cast: Magic Dart        ||    92
       Call Imp          ||    18
  Eat: Chunk             ||     5
Armor: Robe              ||     4
Dodge: Dodged            ||    23
